 Dungeon Crawl Stone Soup version 0.17-a0-981-gf8a484a (webtiles) character file.

183909 MRaven the Thaumaturge (level 16, -13/124 HPs)
             Began as a Demigod Conjurer on Jan 1, 2015.
             Mangled by a stone giant (29 damage)
             ... on level 15 of the Dungeon on May 11, 2015.
             The game lasted 05:53:30 (61353 turns).

MRaven the Thaumaturge (Demigod Conjurer)          Turns: 61353, Time: 05:53:30

Health: -13/124    AC: 22    Str: 21    XL:     16   Next: 83%
Magic:  0/46       EV: 18    Int: 29    God:
Gold:   2046       SH:  7    Dex: 24    Spells: 9 memorised, 9 levels left

rFire  + . .     SeeInvis .     G - +10 long sword "MRaven's Foe" {drain, Noisy rF+ rC-}
rCold  x . .     Clarity  .     Z - +5 ring mail of Complete Protection {rElec rN+ Str+5}
rNeg   + . .     SustAb   +     R - +0 buckler
rPois  .         Gourm    .     H - +2 hat
rElec  +         Spirit   +     p - +2 cloak {MR+}
rCorr  .         Warding  .     I - +1 pair of gloves {Dex+3}
rMut   .         Stasis   .     w - +1 pair of boots {Fly}
MR     ++...                    F - amulet of guardian spirit
Stlth  +++.......               W - ring of wizardry
                                q - ring of magical power

@: mighty, agile, very resistant to hostile enchantments, fairly stealthy
A: beak, high mp 1, sustain abilities
a: Evoke Flight
}: 1/15 runes: decaying


You were on level 15 of the Dungeon.
You were not hungry.

You visited 5 branches of the dungeon, and saw 33 of its levels.

You collected 3530 gold pieces.
You spent 1484 gold pieces at shops.

Inventory:

Hand weapons
 D - a +4 rapier of flaming
 G - the +10 long sword "MRaven's Foe" (weapon) {drain, Noisy rF+ rC-}
   (You found it on level 9 of the Dungeon)

   A truly terrible weapon, it drains the life of those it strikes.
   It protects you from fire.
   It makes you vulnerable to cold.
   It may make noises in combat.
 L - a +4 vampiric double sword
Armour
 p - a +2 cloak of magic resistance (worn)
 u - a +0 shield of reflection
 w - a +1 pair of boots of flying (worn)
 H - a +2 hat (worn)
 I - a +1 pair of gloves of dexterity (worn)
 O - a +2 shield
 R - a +0 buckler (worn)
 Z - the +5 ring mail of Complete Protection (worn) {rElec rN+ Str+5}
   (You found it on level 7 of the Lair of Beasts)

   It affects your strength (+5).
   It insulates you from electricity.
   It protects you from negative energy.
Jewellery
 q - a ring of magical power (left hand)
 r - an uncursed amulet of resist corrosion
 z - an uncursed ring of protection from cold
 F - an amulet of guardian spirit (around neck)
 S - an uncursed amulet of resist mutation
 V - a cursed -2 ring of evasion
 W - a ring of wizardry (right hand)
Magical devices
 f - a wand of hasting (1)
 y - a wand of disintegration (1)
 N - a wand of digging (13)
 Q - a wand of invisibility (0)
 X - a wand of slowing (10)
 Y - a wand of teleportation (3)
Scrolls
 c - a scroll of magic mapping
 e - 3 scrolls of teleportation
 n - 5 scrolls of remove curse
 o - 4 scrolls of enchant weapon
 t - a scroll of recharging
 v - 4 scrolls of fog
 x - 6 scrolls of amnesia
 K - a scroll of holy word
 T - a scroll of identify
Potions
 g - 2 potions of haste
 h - 4 potions of restore abilities
 i - 2 potions of magic
 j - 2 potions of invisibility
 l - 5 potions of flight
 m - a potion of resistance
 A - 5 potions of might
 B - a potion of ambrosia
 C - a potion of cure mutation
 E - 3 potions of agility
 J - a potion of brilliance
 M - a potion of curing
 P - 4 potions of berserk rage
 U - a potion of cancellation
Miscellaneous
 s - a stone of tremors
Comestibles
 b - 11 bread rations
 k - 10 meat rations


   Skills:
 + Level 6.3 Fighting
 * Level 7.4 Long Blades
 - Level 10.0 Armour
 * Level 2.8 Dodging
 - Level 1.7 Stealth
 - Level 5.5 Shields
 - Level 12.1 Spellcasting
 - Level 12.0 Conjurations
 - Level 5.7 Hexes
 - Level 7.8 Charms
 - Level 4.6 Necromancy
 - Level 4.8 Translocations
 - Level 8.1 Ice Magic
 - Level 8.0 Air Magic
 - Level 10.0 Evocations


You had 9 spell levels left.
You knew the following spells:

 Your Spells              Type           Power        Failure   Level  Hunger
a - Magic Dart            Conj           ####         1%          1    None
b - Searing Ray           Conj           ######       1%          2    None
c - Iskenderun's Mystic   Conj           ######..     1%          4    None
d - Fulminant Prism       Conj/Hex       ######....   1%          4    None
e - Iskenderun's Battles  Conj/Chrm      ######..     1%          5    ##.....
f - Regeneration          Chrm/Necr      ######....   1%          3    None
g - Freezing Cloud        Conj/Ice/Air   ######....   7%          6    ####...
h - Apportation           Tloc           #####.....   1%          1    None
i - Passage of Golubria   Tloc           N/A          4%          4    None


Dungeon Overview and Level Annotations

Branches:
Dungeon (15/15)            Temple (0/1) D:6            Lair (8/8) D:9
  Swamp (5/5) Lair:6       Spider (0/5) Lair:6        Slime (0/6) Lair:8
    Orc (4/4) D:11            Elf (0/3) Orc:4        Vaults (0/5) D:14
 Depths (1/5) D:15

Shops:
D:7 ?   D:8 *   D:12 :(!   D:14 *   Orc:4 [%*(

Portals:
Hell: Lair:8

Annotations:
D:7 Thrillho's ghost, experienced KoBe
D:12 runed door
Lair:6 exclusion: door
Swamp:2 Asterion
Swamp:4 exclusion: downstairs
Swamp:5 Roxanne


Innate Abilities, Weirdness & Mutations

You have an increased reservoir of magic (+10% MP).
Your attributes are resistant to harm.
You have a beak for a mouth.


Message History

You feel much better. You block the stone giant's attack.
Drink which item? (? for menu, Esc to quit)
You feel very mighty all of a sudden.
The stone giant hits you but does no damage.
You slash the stone giant!
You peck the stone giant, but do no damage.
The stone giant is severely wounded.
The stone giant hits you!!
* * * LOW HITPOINT WARNING * * *
You slash the stone giant! You drain the stone giant! You peck the stone giant.
The stone giant is almost dead.
The stone giant hits you.
* * * LOW HITPOINT WARNING * * *
Drink which item? (? for menu, Esc to quit)
You feel much better. The stone giant hits you!!
* * * LOW HITPOINT WARNING * * *
You slash the stone giant! You drain the stone giant!
The stone giant is almost dead.
The stone giant hits you!!
You die...

# #.....#####.(.(#'####.......#.
# #...........#'#.......#'#...#.
# #...........).[.......'.'...'.
# ###.......###(###.....#.#...##
# #...#'###.....###'###.##...#
######...#.##.......##......'...#
.........#.#..#####..#......#...#
.........'.#..#..C#..#......#...+
.........#.#..#.@.#..#####'##...#
.........#.#..#...#..#.........##
###.###'##.#..##[##..#.........+.
.........'.##.....[.##.........#.
.#......##.###.....###.........##
.#.......#.#########....###.....#
.#.#.#...#.'...'..#...(.+.+.....'
.#.........#...#..'.....#.#.....#
.#...#.....########.....#.#.)...#


You could see a stone giant.

Vanquished Creatures
  Rupert (Lair:8)
  Agnes (Swamp:1)
  Kirke (D:15)
  Donald (Swamp:5)
  Aizul (Swamp:2)
  Snorg (Orc:4)
  3 fire dragons (Swamp:5)
  Fannar (Lair:3)
  23 hydras
  A ghost crab (Swamp:5)
  A deep troll shaman (D:15)
  5 centaur warriors
  The ghost of Herrn the Frost Mage, a powerful GrIE of Cheibriados (D:11)
  2 tengu warriors (D:14)
  A deep troll earth mage (D:15)
  14 alligators
  Urug (Orc:2)
  2 orc high priests
  A catoblepas (Lair:8)
  7 spriggans
  A sun demon (Lair:8)
  Erolcha (D:13)
  An iron troll (Depths:1)
  A deep troll (D:15)
  4 orc knights
  5 shambling mangroves
  An unseen horror (D:11)
  2 griffons
  14 swamp dragons
  6 hill giants
  A necromancer (D:15)
  2 lindwurms
  3 cyclopes
  2 wizards
  3 orc sorcerers
  4 manticores
  A deep elf conjurer (D:15)
  15 ugly things
  A salamander (shapeshifter) (D:15)
  7 hornets
  A water nymph (shapeshifter) (Depths:1)
  A sixfirhy (Lair:8)
  6 elephants
  Joseph (Orc:4)
  6 centaur zombies
  4 gargoyles
  A smoke demon (Lair:8)
  8 black mambas
  3 orange demons (Lair:8)
  A molten gargoyle (Swamp:5)
  A torpor snail (Lair:2)
  23 spiny frogs
  5 komodo dragons
  5 trolls
  6 blue devils (Lair:8)
  A harpy zombie (D:14)
  A tengu conjurer (D:15)
  4 fire drakes
  2 two-headed ogres
  9 giant leeches
  Sonja (Orc:4)
  2 polar bears
  13 removed MONS_BABY_ALLIGATORs
  A trapdoor spider zombie (D:11)
  A wolf spider simulacrum (D:15)
  8 bog bodies
  A hornet zombie (D:14)
  15 blink frogs
  31 slime creatures
  20 ravens
  3 ghosts (Swamp:5)
  A basilisk (Lair:5)
  3 trapdoor spiders (D:14)
  3 deep elf magi
  2 shadows
  2 wyverns
  56 yaks
  2 spriggans (shapeshifter)
  A tarantella (shapeshifter) (Depths:1)
  A water elemental (Depths:1)
  3 hungry ghosts
  A hill giant zombie (D:11)
  A tarantella (Lair:6)
  2 steam dragons (Swamp:5)
  10 hippogriffs
  4 hogs
  Grum (D:9)
  16 vampire mosquitoes
  3 wargs
  20 water moccasins
  2 soldier ants
  12 insubstantial wisps
  13 wolves
  28 swamp worms
  3 mottled dragons
  A hornet simulacrum (D:15)
  An eye of draining (D:12)
  40 orc warriors
  2 black bears
  A phantom (D:11)
  5 sky beasts
  16 swamp drakes
  10 porcupines
  9 wasps
  4 boggarts (Depths:1)
  28 centaurs
  7 ice beasts
  17 ogres
  A removed MONS_BORING_BEETLE (Lair:7)
  17 crocodiles
  2 big kobolds
  2 gnoll sergeants
  A wyvern zombie (D:13)
  7 scorpions
  22 giant frogs
  8 wights
  2 beetles
  11 crimson imps
  12 hounds
  2 giant frog zombies
  11 jellies
  3 quasits
  35 orc priests
  28 orc wizards
  7 worker ants
  7 centaur skeletons
  11 iguanas
  5 ogre zombies (D:11)
  30 sheep
  A worker ant zombie (D:11)
  20 gnolls
  19 adders
  19 river rats
  6 shadow imps
  A removed MONS_GIANT_MITE (D:7)
  5 worms
  7 giant geckos
  7 oozes
  234 orcs
  A ball python (D:1)
  13 bats
  A bat skeleton (D:8)
  2 gnoll zombies (D:9)
  26 goblins
  21 hobgoblins
  15 jackals
  34 kobolds
  13 quokkas
  5 giant cockroaches
  A giant gecko skeleton (D:4)
  6 giant newts
  A giant spore (D:9)
  3 goblin skeletons (D:11)
  2 goblin zombies (D:11)
  3 hobgoblin zombies (D:11)
  2 orc skeletons (D:11)
  9 orc zombies (D:11)
  22 rats
  5 ballistomycetes (D:9)
  3 fungi
1391 creatures vanquished.

Vanquished Creatures (collateral kills)
  Louise (D:14)
  A dire elephant (Lair:8)
  An ice dragon (Orc:1)
  2 dancing weapons (D:14)
  A hill giant (D:12)
  3 polar bears (Orc:1)
  A giant frog (D:14)
  A sheep (D:14)
11 creatures vanquished.

Vanquished Creatures (others)
  A hydra (Swamp:5)
  A swamp dragon (Swamp:5)
  A lindwurm (Swamp:5)
  A fire drake (Swamp:5)
  A giant leech (Swamp:5)
  A slime creature (Swamp:5)
  A removed MONS_BABY_ALLIGATOR (Swamp:3)
  8 trapdoor spiders
  3 vampire mosquitoes (Swamp:5)
  3 swamp drakes (Swamp:5)
  2 spiders (D:14)
  An adder (Lair:8)
  A removed MONS_GIANT_MITE (D:14)
  26 fulminant prisms
  7 fungi (Lair:6)
  2 plants
60 creatures vanquished.

Grand Total: 1462 creatures vanquished

Notes
Turn   | Place    | Note
--------------------------------------------------------------
     0 | D:1      | MRaven, the Demigod Conjurer, began the quest for the Orb.
     0 | D:1      | Reached XP level 1. HP: 14/14 MP: 3/3
   321 | D:1      | Reached XP level 2. HP: 20/20 MP: 1/5
   462 | D:1      | Learned a level 2 spell: Searing Ray
   502 | D:1      | Reached skill level 4 in Conjurations
  1044 | D:1      | Reached XP level 3. HP: 22/26 MP: 0/8
  1686 | D:2      | Reached XP level 4. HP: 33/33 MP: 1/11
  2205 | D:2      | Learned a level 4 spell: Iskenderun's Mystic Blast
  2649 | D:2      | Reached skill level 5 in Conjurations
  3125 | D:3      | Reached XP level 5. HP: 38/38 MP: 10/14
  4390 | D:4      | Noticed an ogre
  4412 | D:4      | Killed an ogre
  4412 | D:4      | Reached skill level 6 in Conjurations
  4412 | D:4      | Reached XP level 6. HP: 45/45 MP: 3/17
  4635 | D:4      | Found an ancient bone altar of Kikubaaqudgha.
  4987 | D:4      | Found a deep blue altar of Sif Muna.
  5051 | D:4      | Found a bloodstained altar of Trog.
  5504 | D:4      | Upgraded the game from 0.16-a0-3452-g71b9fc6 to 0.16-a0-3465-g53c7d0b
  5536 | D:5      | Entered Level 5 of the Dungeon
  5900 | D:5      | Reached XP level 7. HP: 50/50 MP: 14/20
  6018 | D:5      | Reached skill level 7 in Conjurations
  6171 | D:5      | Learned a level 4 spell: Fulminant Prism
  6387 | D:5      | Found a snail-covered altar of Cheibriados.
  6924 | D:5      | Found a white marble altar of Elyvilon.
  6925 | D:5      | Found a blossoming altar of Fedhas.
  7154 | D:6      | Found a staircase to the Ecumenical Temple.
  7212 | D:6      | Reached skill level 5 in Spellcasting
  7212 | D:6      | Reached skill level 1 in Hexes
  7212 | D:6      | Found a shadowy altar of Dithmenos.
  7618 | D:6      | Reached XP level 8. HP: 35/57 MP: 5/23
  8131 | D:6      | Found a glowing golden altar of the Shining One.
  8287 | D:6      | Gained mutation: You have a beak for a mouth. [potion of beneficial mutation]
  8322 | D:7      | Got a bloodstained robe
  8333 | D:7      | Identified the +4 robe of Altruism {Dex-3 Stlth++} (You found it on level 7 of the Dungeon)
  8694 | D:7      | Reached skill level 8 in Conjurations
  8710 | D:7      | Learned a level 5 spell: Iskenderun's Battlesphere
  9097 | D:7      | Upgraded the game from 0.16-a0-3465-g53c7d0b to 0.16-a0-3533-gc382f62
  9153 | D:7      | Found Fyazaomo's Magic Scroll Emporium.
  9190 | D:7      | Bought a scroll of teleportation for 39 gold pieces
  9190 | D:7      | Bought a scroll of blinking for 97 gold pieces
  9344 | D:7      | Noticed Thrillho's ghost (experienced KoBe)
  9344 | D:7      | Upgraded the game from 0.16-a0-3533-gc382f62 to 0.16-a0-3596-g438c78e
  9868 | D:7      | Reached XP level 9. HP: 62/62 MP: 8/25
 10154 | D:8      | Identified a scroll of acquirement
 10269 | D:8      | Reached skill level 1 in Charms
 11283 | D:8      | Found Tweceat's Assorted Antiques.
 12185 | D:9      | Upgraded the game from 0.16-a0-3596-g438c78e to 0.16-a0-3606-g1520cdc
 12215 | D:9      | Found a stormy altar of Qazlal.
 12215 | D:9      | Found a sparkling altar of Nemelex Xobeh.
 12229 | D:9      | Found a bloodstained altar of Trog.
 12326 | D:9      | Noticed Grum
 12330 | D:9      | Killed Grum
 12445 | D:9      | Got a crystal long sword
 12446 | D:9      | Identified the +10 long sword "MRaven's Foe" {drain, Noisy rF+ rC-} (You found it on level 9 of the Dungeon)
 12519 | D:9      | Reached skill level 9 in Conjurations
 12708 | D:9      | Found a basalt altar of Yredelemnul.
 12850 | D:9      | Reached XP level 10. HP: 69/69 MP: 21/29
 13001 | D:9      | Found a sacrificial altar of Ru.
 13161 | D:9      | Found a staircase to the Lair.
 13162 | D:9      | Noticed a komodo dragon
 13174 | D:9      | Killed a komodo dragon
 13262 | D:9      | Upgraded the game from 0.16-a0-3606-g1520cdc to 0.16-a0-3661-g910cf96
 13503 | Lair:1   | Entered Level 1 of the Lair of Beasts
 13506 | Lair:1   | Reached skill level 5 in Charms
 14202 | Lair:1   | Noticed a seven-headed hydra
 14215 | Lair:1   | Killed a seven-headed hydra
 15031 | Lair:2   | Reached XP level 11. HP: 74/74 MP: 27/31
 15354 | Lair:2   | Found a sacrificial altar of Ru.
 15525 | Lair:2   | Noticed a four-headed hydra
 15535 | Lair:2   | Reached skill level 10 in Spellcasting
 15573 | Lair:2   | Upgraded the game from 0.16-a0-3661-g910cf96 to 0.16-a0-3695-ga3e2ed8
 15576 | Lair:2   | Killed a four-headed hydra
 15576 | Lair:2   | Reached skill level 10 in Conjurations
 16622 | Lair:3   | Noticed Fannar
 16653 | Lair:3   | Noticed a seven-headed hydra
 16676 | Lair:3   | Killed a seven-headed hydra
 16898 | Lair:3   | Upgraded the game from 0.16-a0-3695-ga3e2ed8 to 0.16-a0-3699-g1c51eb1
 17795 | Lair:3   | Killed Fannar
 17795 | Lair:3   | Reached skill level 5 in Evocations
 17860 | Lair:3   | Noticed a four-headed hydra
 17973 | Lair:3   | Killed a four-headed hydra
 18338 | Lair:4   | Reached skill level 11 in Spellcasting
 18458 | Lair:4   | Reached skill level 1 in Long Blades
 18675 | Lair:4   | Reached XP level 12. HP: 82/82 MP: 33/33
 18706 | Lair:4   | Reached skill level 1 in Fighting
 19105 | Lair:4   | Reached skill level 5 in Hexes
 19219 | Lair:4   | Upgraded the game from 0.16-a0-3699-g1c51eb1 to 0.16-a0-3706-g5dff784
 20874 | Lair:5   | Learned a level 3 spell: Regeneration
 21243 | Lair:6   | Found a staircase to the Swamp.
 21259 | Lair:6   | Upgraded the game from 0.16-a0-3706-g5dff784 to 0.16-a0-3712-g87ae24a
 21264 | Lair:6   | Reached skill level 1 in Necromancy
 21390 | Lair:6   | Found a hole to the Spider Nest.
 22748 | Lair:7   | Reached XP level 13. HP: 71/95 MP: 22/34
 23033 | Lair:7   | Learned a level 6 spell: Freezing Cloud
 23057 | Lair:7   | Reached skill level 10 in Evocations
 23224 | Lair:7   | Reached skill level 1 in Ice Magic
 23421 | Lair:7   | Got a jewelled ring mail
 23712 | Lair:8   | Entered Level 8 of the Lair of Beasts
 23827 | Lair:8   | Reached skill level 1 in Air Magic
 24481 | Lair:8   | Found a burning altar of Makhleb.
 24799 | Lair:8   | Learned a level 1 spell: Apportation
 24809 | Lair:8   | Learned a level 4 spell: Passage of Golubria
 25030 | Lair:8   | Found a staircase to the Slime Pits.
 25107 | Lair:8   | Upgraded the game from 0.16-a0-3712-g87ae24a to 0.16-a0-3722-g5e7e3b6
 25179 | Lair:8   | Noticed Rupert
 25186 | Lair:8   | Killed Rupert
 25683 | Lair:8   | Upgraded the game from 0.16-a0-3722-g5e7e3b6 to 0.16-a0-3728-gc6b4a4b
 26370 | Lair:8   | Found a gateway to Hell.
 26606 | Lair:1   | Identified the +5 ring mail of Complete Protection {rElec rN+ Str+5} (You found it on level 7 of the Lair of Beasts)
 26666 | D:10     | Entered Level 10 of the Dungeon
 27629 | D:11     | Reached skill level 5 in Ice Magic
 27774 | D:11     | Found a staircase to the Orcish Mines.
 28176 | D:11     | Reached skill level 1 in Translocations
 28284 | D:11     | Reached skill level 5 in Air Magic
 28523 | D:11     | Noticed Herrn's ghost (powerful GrIE)
 28529 | D:11     | Killed Herrn's ghost
 29645 | Orc:1    | Entered Level 1 of the Orcish Mines
 29647 | Orc:1    | Reached XP level 14. HP: 102/102 MP: 35/35
 29951 | Orc:2    | Upgraded the game from 0.16-a0-3728-gc6b4a4b to 0.16-a0-3781-g2316936
 30162 | Orc:2    | Noticed Urug
 30166 | Orc:2    | Killed Urug
 30222 | Orc:2    | Found a roughly hewn altar of Beogh.
 31895 | Orc:3    | Upgraded the game from 0.16-a0-3781-g2316936 to 0.16-a0-3803-gd4b2de5
 32603 | Orc:4    | Entered Level 4 of the Orcish Mines
 32903 | Orc:4    | Noticed Snorg
 32907 | Orc:4    | Killed Snorg
 33022 | Orc:4    | Found a staircase to the Elven Halls.
 33023 | Orc:4    | Noticed Sonja
 33026 | Orc:4    | Killed Sonja
 33197 | Orc:4    | Noticed Joseph
 33204 | Orc:4    | Killed Joseph
 34441 | Orc:4    | Upgraded the game from 0.16-a0-3803-gd4b2de5 to 0.16-a0-3807-g3748f16
 35127 | Orc:4    | Found Heuwoef's General Store.
 35127 | Orc:4    | Found Xaokkujint's Food Boutique.
 35134 | Orc:4    | Found Mnakhlesm's Armour Shop.
 35136 | Orc:4    | Found Kicw's Weapon Shoppe.
 35548 | Orc:4    | Bought a potion of heal wounds for 70 gold pieces
 35548 | Orc:4    | Bought a potion of curing for 42 gold pieces
 35548 | Orc:4    | Bought a scroll of identify for 28 gold pieces
 35548 | Orc:4    | Bought a potion of agility for 56 gold pieces
 35550 | Orc:4    | Bought a bread ration for 60 gold pieces
 35550 | Orc:4    | Bought a bread ration for 60 gold pieces
 35550 | Orc:4    | Bought a bread ration for 60 gold pieces
 35550 | Orc:4    | Bought a bread ration for 60 gold pieces
 35550 | Orc:4    | Bought a bread ration for 60 gold pieces
 35550 | Orc:4    | Bought a meat ration for 60 gold pieces
 35550 | Orc:4    | Bought a bread ration for 60 gold pieces
 35552 | Orc:4    | Bought a +1 pair of boots for 138 gold pieces
 35552 | Orc:4    | Bought a +0 shield for 54 gold pieces
 35730 | D:12     | Got a spiked leather armour
 35741 | D:12     | Identified the -4 leather armour of the Okapi {Str+4} (You acquired it on level 12 of the Dungeon)
 35798 | D:12     | Found a large runed door.
 35798 | D:12     | Found a large runed door.
 35840 | D:12     | Found a large runed door.
 35840 | D:12     | Found a large runed door.
 35840 | D:12     | Found Bojila's Weapon Boutique.
 36825 | D:9      | Upgraded the game from 0.16-a0-3807-g3748f16 to 0.16-a0-3841-g2612308
 36992 | D:12     | Found Khohead's Book Shop.
 37568 | D:12     | Found Tosojaev's Distillery.
 37573 | D:12     | Bought a potion of cure mutation for 525 gold pieces
 37573 | D:12     | Bought a potion of degeneration for 15 gold pieces
 37629 | D:12     | Upgraded the game from 0.16-a0-3841-g2612308 to 0.16-a0-3873-g452e4d5
 37751 | D:12     | Paralysed by a hornet for 3 turns
 38308 | D:13     | Upgraded the game from 0.16-a0-3873-g452e4d5 to 0.16-a0-3939-g9a3e665
 39005 | D:13     | Found a sacrificial altar of Ru.
 39412 | D:13     | Noticed Erolcha
 39416 | D:13     | Killed Erolcha
 39624 | D:13     | Upgraded the game from 0.16-a0-3939-g9a3e665 to 0.16-a0-3962-g290d66c
 41128 | D:14     | Reached skill level 12 in Conjurations
 41310 | D:14     | Upgraded the game from 0.16-a0-3962-g290d66c to 0.16-a0-3972-g91ea21f
 41481 | D:14     | Found Ohanusux's Assorted Antiques.
 41626 | D:14     | Reached skill level 1 in Armour
 41629 | D:14     | Noticed Louise
 41673 | D:14     | Killed Louise
 41673 | D:14     | Reached XP level 15. HP: 98/107 MP: 25/36
 41703 | D:14     | Found a gate to the Vaults.
 42267 | D:15     | Entered Level 15 of the Dungeon
 42267 | D:15     | Noticed Kirke
 42527 | D:14     | Reached skill level 5 in Armour
 42780 | D:15     | Found an opulent altar of Gozag.
 43106 | D:15     | Killed Kirke
 43106 | D:15     | Reached skill level 1 in Shields
 43971 | D:15     | Found a staircase to the Depths.
 45252 | Swamp:1  | Entered Level 1 of the Swamp
 45461 | Swamp:1  | Noticed Agnes
 45468 | Swamp:1  | Killed Agnes
 45557 | Swamp:1  | Upgraded the game from 0.16-a0-3972-g91ea21f to 0.16-a0-4004-g8d6611c
 45820 | Swamp:1  | Got a pitted morningstar
 45821 | Swamp:1  | Identified the +9 morningstar of the Owl {crush, rC+ Str+4 Int-5} (You found it on level 1 of the Swamp)
 46245 | Swamp:2  | Upgraded the game from 0.16-a0-4004-g8d6611c to 0.16-a0-4008-gc88e425
 47881 | Swamp:2  | Noticed Aizul
 48817 | Swamp:2  | Upgraded the game from 0.16-a0-4008-gc88e425 to 0.16-a0-4023-g001212b
 49058 | Swamp:3  | Noticed Asterion
 49497 | Swamp:2  | Upgraded the game from 0.16-a0-4023-g001212b to 0.17-a0-18-gc25b939
 49500 | Swamp:3  | Noticed a spectral weapon
 49589 | Swamp:3  | Reached skill level 5 in Shields
 49717 | Swamp:3  | Upgraded the game from 0.17-a0-18-gc25b939 to 0.17-a0-430-g8a98999
 50407 | Swamp:2  | Killed Aizul
 51130 | Swamp:3  | Reached skill level 10 in Armour
 51545 | Swamp:4  | Reached XP level 16. HP: 114/114 MP: 25/29
 52360 | Swamp:4  | Upgraded the game from 0.17-a0-430-g8a98999 to 0.17-a0-461-g772d41b
 53726 | Swamp:4  | Reached skill level 10 in Evocations
 54322 | Swamp:4  | Upgraded the game from 0.17-a0-461-g772d41b to 0.17-a0-465-g279efb6
 54906 | Swamp:5  | Entered Level 5 of the Swamp
 54906 | Swamp:5  | Noticed Roxanne
 56350 | Swamp:5  | Reached skill level 5 in Fighting
 56359 | Swamp:5  | Upgraded the game from 0.17-a0-465-g279efb6 to 0.17-a0-543-g13d7571
 56359 | Swamp:5  | Upgraded the game from 0.17-a0-543-g13d7571 to 0.17-a0-555-g23c20b2
 56484 | Swamp:5  | Reached skill level 5 in Long Blades
 56487 | Swamp:5  | Paralysed by a hornet for 2 turns
 57025 | Swamp:5  | Upgraded the game from 0.17-a0-555-g23c20b2 to 0.17-a0-719-g32c6a46
 57593 | Swamp:5  | Upgraded the game from 0.17-a0-719-g32c6a46 to 0.17-a0-737-gf0a300a
 58013 | Swamp:5  | Upgraded the game from 0.17-a0-737-gf0a300a to 0.17-a0-981-gf8a484a
 58480 | Swamp:5  | Got a decaying rune of Zot
 58671 | Swamp:5  | Noticed Donald
 58691 | Swamp:5  | Killed Donald
 60623 | Depths:1 | Entered Level 1 of the Depths
 61353 | D:15     | Mangled by a stone giant

Vault maps used:
D:1:      eino_arrival_tree_alley
D:2:      first_bread, grunt_ministairs_7, grunt_decor_mini_mirrors
D:3:      cheibrodos_gnoll_hut
D:4:      kiku_gazebo_garden_becter, lemuel_blue_sif_altar, trog_hazing_becter
D:5:      beetle_altar_1, gammafunk_temple_overflow_statue, minmay_misc_feat_x
D:6:      tso_altar, nicolae_dithmenos_the_darkroom,
          minmay_temple_entry_water_ring
D:7:      serial_shops, nicolae_shop_crystal
D:8:      serial_shops, shop_fountains, hangedman_little_slice_of_home,
          kennysheep_generic_room_10
D:9:      lemuel_zombie_altar_yredelemnul, lemuel_round_altar,
          gammafunk_temple_overflow_elements, bloody_trog, david_lair_shrubbed,
          uniq_grum
D:10:     minmay_misc_feat_secret_circle
D:11:     zombieorc1_lemuel, serial_undead, serial_undead_a, serial_undead_a,
          serial_undead_b, serial_undead_c
D:12:     serial_shops, shop, nicolae_shop_stone, shop,
          minmay_hollow_rounded_squares
D:13:     nicolae_ru_the_path_less_chosen, uniq_erolcha
D:14:     erik_vaults_1, hangedman_abyss_or_decor_stagger, serial_shops, shop,
          uniq_louise
D:15:     grunt_enter_depths_magical_seal, hangedman_decor_lopped, st_stairs_14,
          nicolae_gozag_seed_capital, uniq_kirke
Lair:2:   basic_altar, beast_lair_carwin_3, infiniplex_staircase_pool
Lair:3:   uniq_fannar
Lair:5:   grunt_megastairs_2
Lair:6:   lemuel_slime, swamp_mist_pool, spider_nest_entry_rubble
Lair:8:   evil_forest, nicolae_slime_entry_slimehenge, baited_tele_trap,
          uniq_rupert
Swamp:1:  nicolae_swamp_trees_clearing, uniq_agnes
Swamp:2:  evilmike_swamp_ruin_house_5, swamp_pool2,
          nicolae_swamp_alligator_family, uniq_aizul
Swamp:3:  evilmike_swamp_ruin_wall, uniq_asterion
Swamp:4:  evilmike_swamp_ruin_house_3
Swamp:5:  swamp_fiery, uniq_roxanne, uniq_donald
Orc:1:    portal_ice_cave_entry_animals_and_master
Orc:2:    nicolae_orc_accident_1, minmay_orc_temple_c, uniq_urug
Orc:3:    nicolae_orc_pool_cavern
Orc:4:    st_orc_rangers, uniq_sonja, uniq_joseph, uniq_snorg
Depths:1: hell_entry, kennysheep_cross_room, hangedman_elemental_death_ray

Action                   |  1- 3 |  4- 6 |  7- 9 | 10-12 | 13-15 | 16-18 || total
-------------------------+-------+-------+-------+-------+-------+-------++-------
Melee: Short sword       |     8 |    10 |    18 |       |       |       ||    36
       Dagger            |     4 |       |       |       |       |       ||     4
       Battleaxe         |       |       |    36 |     2 |       |       ||    38
       Long sword        |       |       |     5 |   157 |   590 |   148 ||   900
       Rapier            |       |       |       |       |    44 |       ||    44
 Cast: Magic Dart        |    82 |   180 |   190 |   100 |   342 |    44 ||   938
       Searing Ray       |     3 |    13 |     8 |       |       |       ||    24
       Iskenderun's Myst |       |     9 |   122 |   260 |   716 |   293 ||  1400
       Fulminant Prism   |       |       |     3 |    12 |    11 |       ||    26
       Iskenderun's Batt |       |       |     1 |    50 |   158 |    53 ||   262
       Apportation       |       |       |       |       |     2 |       ||     2
       Freezing Cloud    |       |       |       |       |     6 |     6 ||    12
       Regeneration      |       |       |       |       |     2 |       ||     2
       Passage of Golubr |       |       |       |       |     1 |       ||     1
Evoke: Wand              |       |       |       |     1 |    56 |    22 ||    79
       Sack of spiders   |       |       |       |       |    12 |       ||    12
       Stone of tremors  |       |       |       |       |       |     1 ||     1
  Use: Scroll            |     5 |     5 |    12 |     7 |    25 |     9 ||    63
       Potion            |       |       |     1 |     2 |     8 |    18 ||    29
 Stab: Sleeping          |       |       |     4 |     4 |     2 |       ||    10
       Distracted        |       |       |       |       |     3 |       ||     3
       Held in net/web   |       |       |       |       |     1 |       ||     1
       Invisible         |       |       |       |       |       |     2 ||     2
  Eat: Chunk             |     3 |     8 |    22 |    27 |    60 |     4 ||   124
       Fruit             |       |     5 |     1 |     2 |     3 |       ||    11
       Pizza             |       |     2 |     2 |     1 |     1 |       ||     6
       Beef jerky        |       |       |     2 |     3 |     1 |     1 ||     7
       Bread ration      |       |       |     1 |       |     4 |     3 ||     8
       Royal jelly       |       |       |       |     2 |    10 |       ||    12
       Meat ration       |       |       |       |       |     1 |     4 ||     5
